 Dungeon Crawl Stone Soup version 0.27.1-37-g7b29ead8ac (console) character file.

Game seed: 284236576682594741

601391 grimtooth the Maledictor (level 27, -3/173 HPs)
             Began as a Kobold Enchanter on May 15, 2023.
             Was the Champion of Wu Jian.
             Slain by a white very ugly thing (53 damage)
             ... on level 2 of the Realm of Zot on May 18, 2023.
             The game lasted 09:47:13 (89055 turns).

grimtooth the Maledictor (Kobold Enchanter)        Turns: 89055, Time: 09:47:14

Health: -3/173     AC: 27    Str: 20    XL:     27
Magic:  26/32      EV: 24    Int: 29    God:    Wu Jian [******]
Gold:   7453       SH:  9    Dex: 20    Spells: 6/44 levels left

rFire    + + +     SeeInvis +   b - +11 dagger {spect, rPois rN+}
rCold    . . .     Faith    .   s - +0 buckler {rC+}
rNeg     + + .     Spirit   .   D - +0 fire dragon scales
rPois    +         Reflect  .   Q - +0 hat "Vem Gar" {*Corrode rElec Regen+ Str+8}
rElec    +         Harm     .   F - +2 cloak {rF+}
rCorr    .         Rampage  .   O - +2 pair of gloves {Str+3}
Will     +++..                  S - +2 pair of boots {Stlth+}
Stlth    ++++++++..             d - macabre finger necklace {rN+}
HPRegen  1.38/turn              u - ring of Valu {AC+4 Dex+2}
MPRegen  0.23/turn              f - ring "Oppor" {Wiz Will+ Int+6 SInv}
                                k - +4 ring of slaying

@: studying 2 skills
A: small, no large weapons, nightstalker 3, low mp 1
}: 4/15 runes: decaying, serpentine, slimy, silver
a: Renounce Religion, Wall Jump, Serpent's Lash, Heavenly Storm


You were on level 2 of the Realm of Zot.
You worshipped Wu Jian.
Wu Jian was exalted by your worship.
You visited 11 branches of the dungeon, and saw 52 of its levels.
You also visited: Bailey, Gauntlet, Ice Cave and Volcano.

You collected 10451 gold pieces.
You spent 2998 gold pieces at shops.

Inventory:

Hand Weapons
 a - a +7 quick blade of electrocution
 b - the +11 dagger "Omelette" (weapon) {spect, rPois rN+}
   (You found it on level 1 of the Vaults)

   When its wielder attacks, the weapon's spirit leaps out and strikes again.
   The spirit shares a part of any damage it takes with its wielder.
   rPois:     It protects you from poison.
   rN:        It protects you from negative energy.
 w - a +5 vampiric rapier
Missiles
 c - 52 boomerangs (quivered)
 v - 15 datura-tipped darts
 C - 12 throwing nets {=f}
 V - 5 curare-tipped darts
Armour
 s - a +0 buckler of cold resistance (worn)
 D - +0 fire dragon scales (worn)
 F - a +2 cloak of fire resistance (worn)
 O - a +2 pair of gloves of strength (worn)
 Q - the +0 hat "Vem Gar" (worn) {*Corrode rElec Regen+ Str+8}
   (You found it in a Gauntlet)

   Str:       It affects your strength (+8).
   rElec:     It insulates you from electricity.
   Regen:     It increases your rate of health regeneration.
   *Corrode:  It may corrode you when you take damage.
 S - a +2 pair of boots of stealth (worn)
Jewellery
 d - the macabre finger necklace (around neck) {rN+}
   (You bought it in a shop on level 2 of the Elven Halls)

   [amulet of nothing]

   It enables you to equip an extra ring.
   rN:        It protects you from negative energy.
 f - the ring "Oppor" (right hand) {Wiz Will+ Int+6 SInv}
   (You acquired it on level 10 of the Dungeon)

   [ring of wizardry]

   It improves your spell success rate.
   Int:       It affects your intelligence (+6).
   SInv:      It lets you see invisible.
   Will:      It increases your willpower.
 k - a +4 ring of slaying (on amulet)
 q - a ring of ice
 u - the ring of Valu (left hand) {AC+4 Dex+2}
   (You took it off a deep elf archer on level 3 of the Elven Halls)

   [ring of protection]

   AC:        It affects your AC (+4).
   Dex:       It affects your dexterity (+2).
 Y - a ring of resist corrosion
Wands
 e - a wand of polymorph (44)
 i - a wand of charming (20)
 p - a wand of digging (7)
 J - a wand of paralysis (26)
 K - a wand of acid (10)
 L - a wand of mindburst (32)
Scrolls
 l - 5 scrolls of vulnerability
 x - 2 scrolls of blinking
 y - 4 scrolls of magic mapping
 B - 9 scrolls of fog
 G - 4 scrolls of summoning
 I - 5 scrolls of fear
 P - 3 scrolls of silence
 U - 18 scrolls of teleportation
Potions
 g - 8 potions of ambrosia
 m - 4 potions of might
 n - 9 potions of brilliance
 r - 16 potions of curing
 z - 3 potions of magic
 E - 9 potions of haste
 H - 2 potions of heal wounds
 M - 5 potions of cancellation
 R - 9 potions of flight
 T - 3 potions of invisibility
 X - 4 potions of resistance
Miscellaneous
 h - a condenser vane
 j - a phantom mirror
 o - a tin of tremorstones (2/2)
 t - a box of beasts
 W - a phial of floods
 Z - a lightning rod (4/4)


   Skills:
 - Level 18.0 Fighting
 - Level 15.0 Short Blades
 - Level 9.0 Throwing
 + Level 12.8 Armour
 - Level 18.0 Dodging
 - Level 20.0 Stealth
 + Level 12.8 Shields
 - Level 9.0 Spellcasting
 - Level 21.0 Hexes
 * Level 14.8 Translocations
 - Level 12.0 Ice Magic
 - Level 15.0 Evocations


You had 6 spell levels left.
You knew the following spells:

 Your Spells              Type           Power      Damage    Failure   Level
b - Dispersal             Tloc           39%        N/A       1%          6
c - Tukima's Dance        Hex            94%        N/A       0%          3
d - Discord               Hex            47%        N/A       5%          8
e - Metabolic Englaciati  Hex/Ice        41%        N/A       1%          5
f - Cause Fear            Hex            47%        N/A       0%          4
k - Blink                 Tloc           N/A        N/A       1%          2
p - Apportation           Tloc           100%       N/A       1%          1
v - Invisibility          Hex            47%        N/A       1%          6
z - Confusing Touch       Hex            94%        N/A       0%          3

Your spell library contained the following spells:

 Spells                   Type           Power      Damage    Failure   Level
 Corona                   Hex            100%       N/A       0%          1
 Ensorcelled Hibernation  Hex/Ice        100%       N/A       0%          2
 Portal Projectile        Hex/Tloc       100%       N/A       0%          3
 Dazzling Flash           Conj/Hex       100%       N/A       1%          3
 Frozen Ramparts          Ice            100%       1d12      1%          3
 Gell's Gravitas          Tloc           39%        N/A       1%          3
 Inner Flame              Hex/Fire       65%        N/A       1%          3
 Lesser Beckoning         Tloc           39%        N/A       1%          3
 Ozocubu's Armour         Ice            70%        N/A       1%          3
 Summon Guardian Golem    Hex/Summ       65%        N/A       1%          3
 Fulminant Prism          Conj/Hex       32%        3d16      1%          4
 Iskenderun's Mystic Bla  Conj/Tloc      54%        2d12      1%          4
 Leda's Liquefaction      Hex/Erth       32%        N/A       1%          4
 Manifold Assault         Tloc           78%        N/A       1%          5
 Silence                  Hex/Air        32%        N/A       1%          5
 Summon Mana Viper        Hex/Summ       65%        N/A       1%          5
 Hailstorm                Conj/Ice       47%        3d11      3%          4
 Ice Form                 Ice/Tmut       47%        N/A       3%          4
 Summon Ice Beast         Ice/Summ       47%        N/A       3%          4
 Animate Skeleton         Necr           26%        N/A       4%          1
 Foxfire                  Conj/Fire      52%        2x1d6     4%          1
 Magic Dart               Conj           52%        1d5       4%          1
 Pain                     Necr           52%        1d6       4%          1
 Sandblast                Erth           26%        2d8       4%          1
 Sting                    Tmut/Pois      52%        1d5       4%          1
 Summon Small Mammal      Summ           52%        N/A       4%          1
 Corpse Rot               Necr/Air       N/A        N/A       6%          2
 Passwall                 Tmut/Erth      10%        N/A       6%          2
 Poisonous Vapours        Pois/Air       26%        N/A       6%          2
 Searing Ray              Conj           26%        3d4       6%          2
 Sublimation of Blood     Necr           6%         N/A       6%          2
 Wereblood                Tmut           13%        N/A       6%          2
 Summon Forest            Summ/Tloc      27%        N/A       6%          5
 Call Canine Familiar     Summ           13%        N/A       13%         3
 Conjure Flame            Conj/Fire      13%        6-21      13%         3
 Ignite Poison            Fire/Tmut/Pois 13%        N/A       13%         3
 Mephitic Cloud           Conj/Pois/Air  13%        N/A       13%         3
 Stone Arrow              Conj/Erth      26%        3d8       13%         3
 Vampiric Draining        Necr           6%         2d6       13%         3
 Freezing Cloud           Conj/Ice/Air   18%        6-21      22%         5
 Animate Dead             Necr           6%         N/A       38%         4
 Olgreb's Toxic Radiance  Pois           13%        N/A       38%         4
 Petrify                  Tmut/Erth      13%        N/A       38%         4
 Summon Lightning Spire   Summ/Air       13%        N/A       38%         4
 Simulacrum               Ice/Necr       23%        N/A       45%         6
 Agony                    Necr           13%        N/A       71%         5
 Alistair's Intoxication  Tmut/Pois      8%         N/A       71%         5
 Blade Hands              Tmut           6%         N/A       71%         5
 Bolt of Magma            Conj/Fire/Erth 6%         4d6       71%         5
 Borgnjor's Vile Clutch   Necr/Erth      6%         N/A       71%         5
 Excruciating Wounds      Necr           6%         N/A       71%         5
 Fireball                 Conj/Fire      6%         3d5       71%         5
 Iskenderun's Battlesphe  Conj           13%        2d7       71%         5
 Lee's Rapid Deconstruct  Erth           6%         3d7*      71%         5
 Lightning Bolt           Conj/Air       6%         1d18      71%         5
 Conjure Ball Lightning   Conj/Air       6%         3x3d6     99%         6
 Death Channel            Necr           6%         N/A       99%         6
 Eringya's Noxious Bog    Tmut/Pois      6%         N/A       99%         6
 Iron Shot                Conj/Erth      6%         9d2       99%         6
 Shadow Creatures         Summ           N/A        N/A       99%         6
 Starburst                Conj/Fire      6%         6d4       99%         6
 Statue Form              Tmut/Erth      8%         N/A       99%         6
 Ozocubu's Refrigeration  Ice            35%        4d12      26%         7
 Disjunction              Tloc           39%        N/A       52%         8
 Orb of Destruction       Conj           6%         9d3       100%        7
 Spellforged Servitor     Conj/Summ      6%         N/A       100%        7
 Storm Form               Tmut/Air       6%         N/A       100%        7
 Summon Hydra             Summ           6%         N/A       100%        7
 Infestation              Necr           6%         N/A       100%        8
 Maxwell's Capacitive Co  Air            6%         ∞         100%        8
 Necromutation            Tmut/Necr      6%         N/A       100%        8
 Chain Lightning          Conj/Air       6%         3d8       100%        9
 Fire Storm               Conj/Fire      6%         8d2       100%        9
 Polar Vortex             Ice            35%        N/A       100%        9


Dungeon Overview and Level Annotations

Branches:
Dungeon (15/15)            Temple (1/1) D:6            Lair (6/6) D:10
  Swamp (4/4) Lair:3        Snake (4/4) Lair:2        Slime (5/5) Lair:5
    Orc (2/2) D:9             Elf (3/3) Orc:2        Vaults (5/5) D:13
  Crypt (0/3) Vaults:3     Depths (5/5) D:15            Zot (2/5) Depths:5
 Bailey (visited)           IceCv (visited)         Volcano (visited)
Gauntlet (visited)

Altars:
Ashenzari
Cheibriados
Dithmenos
Elyvilon
Fedhas
Gozag
Hepliaklqana
Kikubaaqudgha
Makhleb
Nemelex Xobeh
Okawaru
Qazlal
Ru
Sif Muna
Trog
Uskayaw
Vehumet
Wu Jian
Xom
Yredelemnul
Zin
The Shining One
Beogh
Jiyva

Shops:
D:8 !   D:9 [   Orc:2 *(=[   Elf:1 [   Elf:2 =:=:   Snake:4 !   Vaults:1 *
Vaults:2 [   Depths:4 [

Portals:
Hell: Depths:1 Depths:3 Depths:4 Depths:5
Abyss: Depths:4
Pandemonium: Depths:2 Depths:3
Ziggurat: Depths:4
Trove: Depths:5 (lose all piety)

Annotations:
Swamp:2 exclusions: ball lightning, lightning spire and will-o-the-wisp
Vaults:3 Lianjan's ghost, adept GnWr; grimtooth's ghost, veteran DjFE


Innate Abilities, Weirdness & Mutations

You are small and have problems with some larger weapons.
You are completely attuned to the shadows.
Your magical capacity is low. (-10% MP)


Message History

The Council accepts your kill.
Something hits the white very ugly thing!
The white very ugly thing barely misses something.
Something hits the white very ugly thing!!
The white very ugly thing closely misses something.
The Council accepts your kill.
You feel a bit more experienced.
Something hits the white very ugly thing but does no damage.
The white very ugly thing trunk-slaps something.
The white very ugly thing freezes something!!!
Something closely misses the white very ugly thing.
The white very ugly thing barely misses something.
The white very ugly thing trunk-slaps the red draconian!!
The white very ugly thing freezes the red draconian!!!
The red draconian seems to slow down.
Something hits the red draconian.
The white very ugly thing barely misses something.
The red draconian misses the white very ugly thing.
Something hits the white very ugly thing!!
The white very ugly thing trunk-slaps something but does no damage.
Unknown command.
The red draconian is no longer moving slowly.
Something hits the red draconian!
The red draconian dies!
The Council accepts your kill.
The white very ugly thing trunk-slaps something!!
The white very ugly thing freezes something!!!
The Council accepts your kill.
You feel a bit more experienced.
The white very ugly thing trunk-slaps you!
The white very ugly thing freezes you!!
You block the white very ugly thing's attack.
The white very ugly thing barely misses you.
The white very ugly thing trunk-slaps you.
The white very ugly thing freezes you!!!
The white very ugly thing refuses to make way for you. (Use ctrl+direction or * direction to attack.)
The white very ugly thing gurgles horribly!
The white very ugly thing trunk-slaps you!!
* * * LOW HITPOINT WARNING * * *
The white very ugly thing freezes you!!!
You die...

** ,* ,* ,*#############
############## ○##...........#
#............##
○##...........###u######......#
.##.............@.#***#.......#
.####....###.[.####*,,##......#
.# #)...# #...#****,,,+......#
.####....#######*,,**,,##.....#
....(.....>+*****,,,*,,,#'#.###
.####....#****,,**,,+.d†).###
.#.......#****,,,*,,*#..)d.******
.#.##....#*,,**,,*,,,#+##$(#*,,,,
.[.......#*,,,*,,+,,,,,,####*,,,,
......!..#**,,*,,**,,,,,,****,,,,
..††.....# *,,*,,,*+***,,**,,,,,,


You could see a neutral white very ugly thing (fast, strong, insane).

Vanquished Creatures
  2 dread liches
  2 ancient liches (Vaults:5)
  Mara (Vaults:2)
  Saint Roka (Depths:5)
  Frederick (Depths:4)
  The ghost of YungCoward the Slayer, a veteran MiBe of Trog (Depths:2)
  5 golden dragons
  A bone dragon (Depths:5)
  The ghost of Pikuto the Slayer, an adept MiBe of Trog (Depths:3)
  The ghost of sahdkjhfkaj the Hoplite, an adept MfBe of Trog (Vaults:3)
  Nikola (Swamp:1)
  The ghost of Silenth the Arsonist, an adept DrFE of Vehumet (Vaults:3)
  5 tentacled monstrosities
  6 deep elf blademasters
  6 liches
  3 titans (Vaults:5)
  2 deep elf master archers
  9 acid blobs
  A quicksilver dragon (Vaults:5)
  A sphinx (Vaults:4)
  The ghost of Monur the Bludgeoner, an adept GrHu of Dithmenos (Vaults:3)
  The ghost of Monur the Bludgeoner, an adept GrHu of Dithmenos (Vaults:3)
  A thorn hunter (Swamp:2)
  Donald (Swamp:2)
  Roxanne (D:15)
  A draconian monk (Depths:5)
  3 shadow dragons
  5 tengu reavers
  6 storm dragons
  The ghost of Yjimoseergh the Spry, an adept SpFE of Dithmenos (Vaults:3)
  5 azure jellies
  4 rockslimes
  6 nagarajas (Snake:4)
  4 deep elf sorcerers
  4 frost giants
  8 fire giants
  A draconian scorcher (Zot:1)
  14 vault wardens
  2 draconian knights
  3 orc warlords
  2 spriggan defenders (Depths:4)
  Louise (Depths:4)
  4 deep elf elementalists (Elf:3)
  3 cacodemons (Depths:2)
  A reaper (Depths:3)
  2 draconian annihilators
  2 war gargoyles
  5 quicksilver oozes
  2 quicksilver oozes (shapeshifter)
  28 very ugly things
  13 stone giants
  A green draconian (Zot:2)
  10 ironbound preservers
  3 vampire knights (Depths:3)
  10 deep elf demonologists
  3 purple draconians
  10 deep elf annihilators
  10 dire elephants
  3 black draconians
  3 bunyips
  2 entropy weavers
  A minotaur (Gauntlet)
  A white draconian (Depths:5)
  A yellow draconian (Depths:5)
  5 spark wasps
  3 eleionomae
  10 fire dragons
  7 deep elf death magi
  9 ettins
  Snorg (D:10)
  8 yaktaur captains
  A blizzard demon (Depths:5)
  Harold (Orc:1)
  12 great orbs of eyes
  10 ice dragons
  7 deep elf high priests
  3 rakshasas
  2 hell beasts (Depths:5)
  A salamander tyrant (Snake:4)
  10 naga warriors
  23 hydras
  2 caustic shrike simulacra (IceCv)
  A peacekeeper (Vaults:4)
  An ironbound thunderhulk (Vaults:4)
  4 ghost crabs
  7 spriggan air magi
  15 centaur warriors
  A juggernaut simulacrum (Depths:3)
  3 catoblepae
  14 vault guards
  11 ironbound frosthearts
  6 anacondas
  A death knight (D:14)
  A two-headed ogre (shapeshifter) (Vaults:5)
  5 boulder beetles
  25 dancing weapons
  3 two-headed ogres
  11 alligators
  6 deep troll shamans
  10 deep troll earth magi
  6 death yaks
  9 naga sharpshooters
  Urug (D:10)
  4 shock serpents
  3 orc high priests (Orc:2)
  6 ironbound beastmasters
  5 tengu warriors
  A spectral dire elephant (Lair:6)
  3 spriggan berserkers
  Nergalle (D:10)
  Sonja (Lair:6)
  16 deep elf knights
  6 sun demons
  3 spectral death yaks (Lair:6)
  5 skeletal warriors (D:15)
  A fire crab (Lair:6)
  A fire crab (shapeshifter) (D:11)
  A soul eater (Depths:1)
  A salamander mystic (Snake:3)
  8 iron trolls
  A spriggan druid (Swamp:3)
  3 goliath frogs
  2 torturous demonspawn (Depths:3)
  45 deep trolls
  8 bog bodies
  A spectral anaconda (Lair:6)
  6 flayed ghosts
  10 swamp dragons
  2 obsidian statues
  A death drake (Swamp:4)
  4 lindwurms
  6 deep elf archers
  2 phantasmal warriors
  6 wizards
  4 spectral hydras (Swamp:4)
  4 glowing orange brains
  Pikel (D:5)
  21 deep elf zephyrmancers
  A harpy (shapeshifter) (D:14)
  28 deep elf pyromancers
  5 necromancers
  5 orc sorcerers
  11 orc knights
  34 ugly things
  12 ironbound convokers
  5 shining eyes
  15 salamanders
  A salamander (shapeshifter) (D:15)
  7 mana vipers
  6 cyclopes
  3 will-o-the-wisps
  2 manticores (D:13)
  A guardian serpent (shapeshifter) (Depths:2)
  8 vault sentinels
  15 elephants
  5 moths of wrath
  5 guardian serpents
  The ghost of cbfl8 the Sneak, a novice MiDe (D:4)
  A torpor snail (Lair:6)
  An eye of devastation (Slime:2)
  A gargoyle (D:10)
  15 naga magi
  Joseph (D:7)
  18 black mambas
  A dire elephant zombie (Lair:6)
  12 cane toads
  4 smoke demons
  5 swamp worm zombies (Swamp:4)
  A rime drake (shapeshifter) (Elf:2)
  An entropy weaver simulacrum (Swamp:1)
  A kobold demonologist (D:13)
  6 rime drakes
  An efreet (D:13)
  An unseen horror (D:13)
  3 tengu conjurers
  5 ice devils
  7 komodo dragons
  28 yaktaurs
  9 anaconda simulacra
  3 hydra zombies (Swamp:4)
  18 freezing wraiths
  4 trolls
  A merfolk (shapeshifter) (Vaults:5)
  11 tyrant leeches
  4 polar bears
  2 hornets (shapeshifter)
  A wind drake (shapeshifter) (Elf:1)
  Prince Ribbit (D:9)
  4 bloated husks
  2 alligator zombies (Swamp:4)
  7 dream sheep (Lair:5)
  5 hornets
  A blink frog (Lair:3)
  98 slime creatures
  A dream sheep (shapeshifter) (Vaults:3)
  5 flying skulls (Gauntlet)
  2 centaur simulacra (Gauntlet)
  A redback (Vaults:2)
  55 yaks
  7 spriggans
  A wyvern (shapeshifter) (Vaults:5)
  2 air elementals
  A tarantella (Vaults:3)
  2 spriggan simulacra (IceCv)
  8 water elementals
  6 fire bats (Volcano)
  4 wraiths
  5 wyverns
  2 fire elementals (Elf:2)
  6 golden eyes
  A dire elephant simulacrum (IceCv)
  A yak (shapeshifter) (Depths:3)
  11 basilisks
  A human (shapeshifter) (D:14)
  A basilisk (shapeshifter) (Depths:2)
  2 minotaur simulacra (Swamp:1)
  A warg (Orc:1)
  5 harpy simulacra
  2 spectral cane toads (Lair:6)
  13 swamp worms
  A death yak simulacrum (Lair:6)
  11 vampire mosquitoes
  Duvessa (D:7)
  36 nagas
  An acid dragon (D:12)
  15 water moccasins
  2 hell hounds (Volcano)
  3 hydra simulacra (IceCv)
  24 orc warriors
  An ice beast (shapeshifter) (Vaults:5)
  2 ice beasts
  A sky beast (D:7)
  2 black bears
  3 swamp drakes (Swamp:2)
  5 necrophages (Lair:2)
  7 ogres
  4 swamp dragon zombies (Swamp:4)
  3 alligator simulacra (IceCv)
  2 boggarts (Elf:1)
  13 centaurs
  17 wolves
  An elephant skeleton (Lair:6)
  A kobold brigand (D:4)
  3 phantoms
  10 bullfrogs
  2 water moccasin zombies (D:5)
  A scorpion (D:7)
  Dowan (D:7)
  A deep troll simulacrum (Swamp:1)
  5 earth elementals
  A gnoll sergeant (D:10)
  A water moccasin skeleton (D:6)
  3 lindwurm simulacra (IceCv)
  12 killer bees
  2 elephant simulacra (Lair:6)
  4 wights (D:7)
  A howler monkey (D:5)
  4 electric eels
  4 hounds
  A jelly (D:4)
  3 centaur zombies (D:10)
  13 orc priests
  A bullfrog skeleton (D:4)
  A centaur skeleton (D:7)
  2 gnoll shamans (D:6)
  3 iguanas
  20 orc wizards
  3 spectral swamp drakes (Swamp:4)
  A killer bee zombie (D:7)
  A hound skeleton (D:4)
  15 gnolls
  A howler monkey skeleton (D:6)
  A swamp drake zombie (Swamp:4)
  6 adders
  A shadow imp (D:6)
  3 white imps (Gauntlet)
  A worm (D:2)
  4 dart slugs
  75 orcs
  9 ball pythons
  3 bats
  3 endoplasms
  A giant cockroach (D:3)
  10 goblins
  15 hobgoblins
  6 jackals
  21 kobolds
  3 quokkas
  3 frilled lizards
  6 rats
1740 creatures vanquished.

Vanquished Creatures (collateral kills)
  A golden dragon (Vaults:5)
  A tentacled monstrosity (Vaults:5)
  2 titans (Vaults:5)
  4 acid blobs (Slime:5)
  A sphinx (Vaults:5)
  A deep elf master archer (Depths:4)
  A quicksilver ooze (Slime:5)
  A tengu reaver (Vaults:5)
  A shadow dragon (Vaults:5)
  An azure jelly (Slime:5)
  A deep elf sorcerer (Vaults:5)
  3 rockslimes (Slime:5)
  4 frost giants
  A vault warden (Vaults:5)
  2 orc warlords (Depths:4)
  A cacodemon (Depths:2)
  2 war gargoyles (Vaults:5)
  A draconian annihilator (Zot:1)
  11 very ugly things
  6 stone giants
  3 ironbound preservers
  A vampire knight (Depths:3)
  2 purple draconians (Zot:1)
  A spark wasp (Depths:5)
  4 red draconians (Zot:2)
  A deep elf death mage (Vaults:5)
  A deep elf high priest (Vaults:5)
  3 yaktaur captains (Vaults:5)
  7 ettins
  21 vault guards
  A hell beast (Depths:1)
  2 naga warriors (Snake:3)
  3 great orbs of eyes
  A salamander tyrant (Depths:1)
  A spriggan air mage (Depths:3)
  An ogre mage (Vaults:5)
  A two-headed ogre (D:10)
  2 deep troll shamans
  2 hell hogs (Depths:1)
  A dancing weapon (Depths:4)
  A deep troll earth mage (Depths:5)
  2 spriggan berserkers (Depths:3)
  3 hell knights (Depths:1)
  A shadow wraith (Vaults:5)
  4 iron trolls
  A glowing orange brain (Depths:5)
  2 deep elf archers
  12 deep trolls
  3 ironbound convokers
  2 phantasmal warriors (Vaults:5)
  An orc knight (Depths:4)
  A deep elf pyromancer (Elf:3)
  An orc sorcerer (Depths:5)
  A moth of wrath (Zot:1)
  14 ugly things
  2 vault sentinels (Vaults:5)
  4 salamanders
  2 naga magi
  2 smoke demons (Depths:1)
  2 yaktaurs (Vaults:3)
  A jumping spider (shapeshifter) (Depths:2)
  A troll (shapeshifter) (Depths:2)
  A slime creature (Slime:5)
  A spriggan (Lair:5)
  A water elemental (Depths:4)
  A golden eye (shapeshifter) (Vaults:5)
  A hog (shapeshifter) (Depths:2)
  2 nagas
  A warg (Orc:2)
  9 orc warriors
  An ogre (D:6)
  2 centaurs (Bailey)
  3 wights (D:7)
  A hound (shapeshifter) (Depths:2)
  A jelly (D:7)
  4 orc priests
  An orc wizard (Orc:1)
  14 orcs
212 creatures vanquished.

Vanquished Creatures (others)
  the Royal Jelly (Slime:5)
  An acid blob (Slime:5)
  A tengu reaver (Vaults:5)
  2 azure jellies (Slime:5)
  2 rockslimes (Slime:5)
  A fire giant (Depths:1)
  An ironbound preserver (Vaults:5)
  A very ugly thing (Depths:2)
  5 vault guards (Vaults:5)
  A great orb of eyes (Slime:5)
  A ghost crab (Swamp:4)
  A deep troll shaman (Depths:5)
  A deep troll earth mage (Depths:4)
  A glowing orange brain (shapeshifter) (Depths:2)
  A phantasmal warrior (Swamp:4)
  An orc knight (Depths:4)
  A will-o-the-wisp (Swamp:3)
  A salamander (Depths:1)
  A guardian serpent (Snake:1)
  6 bloated husks
  A slime creature (Slime:5)
  A slime creature (shapeshifter) (Depths:2)
  20 dancing weapons
  A hog (shapeshifter) (Depths:2)
  A phantom (Swamp:4)
  An orc wizard (Orc:2)
  An orc (Orc:2)
  A quokka (D:6)
  A bush (Lair:2)
  44 fungi
  139 plants
  19 withered plants (Lair:6)
261 creatures vanquished.

Grand Total: 2213 creatures vanquished

Notes
Turn   | Place    | Note
-------+----------+-------------------------------------------
     0 | D:1      | grimtooth the Kobold Enchanter began the quest for the Orb.
     0 | D:1      | Reached XP level 1. HP: 10/10 MP: 3/3
   160 | D:1      | Reached XP level 2. HP: 13/15 MP: 3/5
   905 | D:1      | Found a faded altar of an unknown god.
  1120 | D:2      | Found a burning altar of Makhleb.
  1369 | D:2      | Reached skill level 4 in Hexes
  1369 | D:2      | Reached XP level 3. HP: 14/19 MP: 6/6
  1586 | D:2      | Learned a level 3 spell: Confusing Touch
  1589 | D:2      | Learned a level 2 spell: Ensorcelled Hibernation
  2216 | D:2      | Reached XP level 4. HP: 24/24 MP: 4/7
  2402 | D:3      | Reached skill level 5 in Hexes
  2594 | D:3      | Found a glowing silver altar of Zin.
  2595 | D:3      | Found an opulent altar of Gozag.
  2691 | D:3      | Found an iron altar of Okawaru.
  3588 | D:3      | Reached XP level 5. HP: 27/27 MP: 8/8
  3938 | D:4      | Found a runed translucent gate.
  3939 | D:4      | Found a runed translucent gate.
  3940 | D:4      | Found a runed translucent gate.
  3940 | D:4      | Noticed cbfl8's ghost (novice MiDe)
  3946 | D:4      | Noticed a kobold brigand
  4127 | D:4      | Got the Tome of Arcane Weapons
  4211 | D:4      | Reached skill level 6 in Hexes
  4308 | D:4      | Reached XP level 6. HP: 11/32 MP: 4/9
  4372 | D:4      | Noticed an ogre
  4594 | D:4      | Killed an ogre
  5510 | D:4      | Reached skill level 7 in Hexes
  5510 | D:4      | Reached XP level 7. HP: 36/36 MP: 7/10
  5569 | D:4      | Found a snail-covered altar of Cheibriados.
  5593 | D:4      | Identified the +1 leather armour "Ahuna" {MP+9 Slay+2}
  6258 | D:4      | Learned a level 3 spell: Tukima's Dance
  6259 | D:5      | Entered Level 5 of the Dungeon
  6857 | D:5      | Found the brooch of Shielding {Spirit SH+8}
  6939 | D:5      | Noticed Pikel
  6958 | D:5      | Killed Pikel
  6959 | D:5      | Reached skill level 5 in Short Blades
  6959 | D:5      | Reached skill level 8 in Hexes
  6959 | D:5      | Reached XP level 8. HP: 41/41 MP: 11/11
  7759 | D:6      | Reached skill level 9 in Hexes
  7759 | D:6      | Reached skill level 1 in Fighting
  7764 | D:6      | Found a staircase to the Ecumenical Temple.
  7881 | Temple   | Entered the Ecumenical Temple
  8234 | Temple   | Became a worshipper of the Wu Jian Council
  8692 | D:6      | Reached XP level 9. HP: 51/51 MP: 12/12
  8755 | D:6      | Found a white marble altar of Elyvilon.
  9040 | D:7      | Noticed a hornet
  9051 | D:7      | Killed a hornet
  9052 | D:7      | Reached skill level 5 in Fighting
  9431 | D:7      | Noticed Joseph
  9445 | D:7      | Killed Joseph
  9446 | D:7      | Reached skill level 10 in Hexes
  9632 | D:7      | Reached * piety under Wu Jian
  9845 | D:7      | Noticed Duvessa
  9857 | D:7      | Killed Duvessa
  9857 | D:7      | Noticed Dowan
  9867 | D:7      | Killed Dowan
  9990 | D:7      | Reached skill level 11 in Hexes
 10000 | D:7      | Reached XP level 10. HP: 60/60 MP: 13/13
 10456 | D:8      | Found Duzuto's Distillery.
 10965 | D:8      | Reached skill level 5 in Stealth
 11307 | D:9      | Found a staircase to the Orcish Mines.
 11671 | D:9      | Reached skill level 12 in Hexes
 11707 | D:8      | Reached ** piety under Wu Jian
 12380 | D:9      | Found Yrhip's Armour Shop.
 12411 | D:9      | Noticed a two-headed ogre
 12414 | D:9      | Killed a two-headed ogre
 12422 | D:9      | Found a stormy altar of Qazlal.
 12455 | D:9      | Reached XP level 11. HP: 60/64 MP: 6/14
 12655 | D:9      | Noticed Prince Ribbit
 12658 | D:9      | Killed Prince Ribbit
 13092 | D:9      | Found an ancient bone altar of Kikubaaqudgha.
 13093 | D:9      | Found a hide-covered altar of Uskayaw.
 13095 | D:9      | Found a broken altar of Ashenzari.
 13209 | D:8      | Reached skill level 1 in Evocations
 13463 | D:10     | Entered Level 10 of the Dungeon
 13712 | D:10     | Noticed Urug
 13747 | D:10     | Found a flagged portal.
 13779 | Bailey   | Entered a bailey
 14009 | Bailey   | Reached *** piety under Wu Jian
 15263 | D:10     | Noticed a two-headed ogre
 15275 | D:10     | Killed a two-headed ogre
 15345 | D:10     | Noticed Snorg
 15348 | D:10     | Killed Snorg
 15406 | D:10     | Noticed Nergalle
 15416 | D:10     | Noticed a boulder beetle
 15423 | D:10     | Killed Nergalle
 15424 | D:10     | Reached skill level 5 in Spellcasting
 15425 | D:10     | Killed a boulder beetle
 15426 | D:10     | Reached skill level 5 in Evocations
 15450 | D:10     | Reached XP level 12. HP: 76/76 MP: 20/20
 15670 | D:10     | Reached **** piety under Wu Jian
 16067 | D:10     | Found a staircase to the Lair.
 16331 | Lair:1   | Entered Level 1 of the Lair of Beasts
 16331 | Lair:1   | Noticed a four-headed hydra
 16333 | Lair:1   | Killed a four-headed hydra
 16334 | Lair:1   | Reached skill level 1 in Ice Magic
 16498 | Lair:1   | Found the +15 Maxwell's patent armour {-Cast -Tele rElec
                  | Will+ rCorr}
 16532 | Lair:1   | You fall into a shaft and drop 1 floor!
 16681 | Lair:2   | Noticed a boulder beetle
 17711 | Lair:2   | Reached skill level 10 in Stealth
 17717 | Lair:2   | Killed a boulder beetle
 17890 | Lair:2   | Found a staircase to the Snake Pit.
 18207 | Lair:2   | Reached skill level 13 in Hexes
 18691 | Lair:3   | Found a staircase to the Swamp.
 18760 | Lair:3   | Noticed a five-headed hydra
 18764 | Lair:3   | Killed a five-headed hydra
 18786 | Lair:3   | Reached XP level 13. HP: 80/80 MP: 22/22
 18885 | Lair:3   | Noticed a six-headed hydra
 18894 | Lair:3   | Killed a six-headed hydra
 18895 | Lair:3   | Reached skill level 5 in Ice Magic
 18979 | Lair:3   | Noticed a catoblepas
 18982 | Lair:3   | Killed a catoblepas
 18983 | Lair:3   | Reached skill level 14 in Hexes
 19098 | Lair:3   | Noticed a four-headed hydra
 19153 | Lair:3   | Killed a four-headed hydra
 19153 | Lair:3   | Reached ***** piety under Wu Jian
 19331 | Lair:3   | Noticed a four-headed hydra
 19368 | Lair:3   | Killed a four-headed hydra
 19944 | Lair:3   | Noticed a boulder beetle
 19945 | Lair:3   | Noticed a seven-headed hydra
 19951 | Lair:3   | Killed a seven-headed hydra
 19956 | Lair:3   | Killed a boulder beetle
 19957 | Lair:3   | Reached skill level 15 in Hexes
 20465 | Lair:4   | Noticed an eight-headed hydra
 20468 | Lair:4   | Killed an eight-headed hydra
 20469 | Lair:4   | Reached skill level 1 in Armour
 20630 | Lair:4   | Reached XP level 14. HP: 86/86 MP: 23/23
 20643 | Lair:4   | Reached skill level 5 in Dodging
 20662 | Lair:4   | Found a dark tunnel.
 20682 | Volcano  | Entered a volcano
 21963 | Lair:5   | Reached skill level 5 in Armour
 22042 | Lair:5   | Found a gate leading to a gauntlet.
 22143 | Gauntlet | Entered a Gauntlet
 22178 | Gauntlet | Found a transporter.
 22202 | Gauntlet | Found a transporter.
 22202 | Gauntlet | Found a transporter.
 22220 | Gauntlet | Found a transporter.
 22220 | Gauntlet | Found a transporter.
 22240 | Gauntlet | Found a transporter.
 22256 | Gauntlet | Found a transporter.
 22274 | Gauntlet | Found a transporter.
 22274 | Gauntlet | Found a transporter.
 22289 | Gauntlet | Found a transporter.
 22289 | Gauntlet | Found a transporter.
 22304 | Gauntlet | Found a transporter.
 22479 | Gauntlet | Identified the +0 hat "Vem Gar" {*Corrode rElec Regen+
                  | Str+8}
 22500 | Gauntlet | Got the Almanac of the Voyage
 22556 | Gauntlet | Noticed a minotaur
 22572 | Gauntlet | Killed a minotaur
 23081 | Lair:5   | Identified 2 scrolls of acquirement
 23790 | Lair:5   | Reached skill level 10 in Dodging
 23966 | Lair:5   | Found a staircase to the Slime Pits.
 23967 | Lair:5   | Found a viscous altar of Jiyva.
 24061 | Lair:5   | Reached ****** piety under Wu Jian
 24317 | Lair:6   | Entered Level 6 of the Lair of Beasts
 24577 | Lair:6   | Reached XP level 15. HP: 90/90 MP: 24/24
 25221 | Lair:6   | Noticed Sonja
 25899 | Lair:6   | Killed Sonja
 26411 | Orc:1    | Entered Level 1 of the Orcish Mines
 26516 | Orc:1    | Reached skill level 10 in Fighting
 26814 | Orc:1    | Noticed Harold
 26818 | Orc:1    | Killed Harold
 27060 | Orc:2    | Entered Level 2 of the Orcish Mines
 27072 | Orc:1    | Noticed Josephine
 27084 | Orc:2    | Noticed Josephine
 27084 | Orc:2    | Josephine changed into Josephine the basilisk
 27230 | Orc:2    | Killed Josephine the basilisk
 27649 | Orc:2    | Found a staircase to the Elven Halls.
 28712 | Orc:2    | Found Sehab's Armour Emporium.
 28712 | Orc:2    | Found Zusiur's Jewellery Boutique.
 28781 | Orc:2    | Found Jesac's Assorted Antiques.
 28781 | Orc:2    | Found Qomoalia's Antique Weapon Emporium.
 28907 | Orc:2    | Found a shimmering blue altar of Sif Muna.
 29006 | Orc:2    | Bought a yellow potion for 33 gold pieces
 29006 | Orc:2    | Bought a scroll labelled QAIBYS QEROICU for 37 gold pieces
 29006 | Orc:2    | Bought a scroll labelled OLOSUN MIXOXAD for 37 gold pieces
 29006 | Orc:2    | Bought a scroll labelled QAIBYS QEROICU for 37 gold pieces
 29006 | Orc:2    | Bought a scroll labelled NIFOV HY EWISK for 37 gold pieces
 29009 | Orc:2    | Bought a +2 pair of gloves of strength for 301 gold pieces
 29149 | D:10     | Acquired the ring "Oppor" {Wiz Will+ Int+6 SInv}
 29583 | D:11     | Reached skill level 1 in Throwing
 32424 | D:8      | Bought a potion of resistance for 110 gold pieces
 32424 | D:8      | Bought a potion of flight for 33 gold pieces
 32424 | D:8      | Bought a potion of curing for 33 gold pieces
 32424 | D:8      | Bought a potion of lignification for 33 gold pieces
 32532 | D:14     | Reached XP level 16. HP: 101/101 MP: 25/25
 32717 | D:14     | Reached skill level 5 in Throwing
 33312 | Snake:1  | Entered Level 1 of the Snake Pit
 36584 | Snake:3  | Learned a level 6 spell: Invisibility
 38199 | Snake:3  | - nice little trove
 38200 | Snake:3  | - oh
 38215 | Snake:3  | - very funny
 38677 | Snake:4  | Entered Level 4 of the Snake Pit
 38678 | Snake:4  | Found Onkunam's Distillery.
 38888 | Snake:4  | Reached XP level 17. HP: 106/106 MP: 26/26
 39015 | Snake:4  | Reached skill level 15 in Dodging
 40157 | Snake:4  | Reached skill level 10 in Evocations
 40632 | Swamp:1  | Entered Level 1 of the Swamp
 40653 | Swamp:1  | Found a frozen archway.
 40755 | Swamp:1  | Learned a level 1 spell: Apportation
 40759 | IceCv    | Entered an ice cave
 41015 | IceCv    | Reached skill level 15 in Stealth
 41649 | IceCv    | Found an ancient bone altar of Kikubaaqudgha.
 42167 | IceCv    | Noticed a lich
 42197 | IceCv    | Killed a lich
 42198 | IceCv    | Reached skill level 10 in Short Blades
 42490 | IceCv    | Got the Volume of Snow and Necromancy
 42735 | Swamp:1  | Noticed Nikola
 42771 | Swamp:1  | Killed Nikola
 43149 | Swamp:1  | Identified the +1 pair of gloves of Gufigg {Harm rC+ rCorr
                  | Dex-2}
 43704 | Swamp:1  | Identified the +7 flail of Athruaku {freeze, rElec rN+
                  | Dex-4}
 43832 | Swamp:2  | Reached XP level 18. HP: 111/112 MP: 27/27
 44448 | Swamp:2  | Noticed Donald
 44460 | Swamp:2  | Killed Donald
 44494 | Swamp:2  | Reached skill level 16 in Hexes
 44736 | Swamp:3  | Reached skill level 1 in Translocations
 46211 | Swamp:4  | Entered Level 4 of the Swamp
 47589 | Swamp:4  | Reached skill level 17 in Hexes
 47718 | Swamp:4  | - what do i do about miasma
 48299 | Snake:4  | Reached skill level 5 in Translocations
 49897 | Snake:4  | Reached skill level 5 in Shields
 49897 | Snake:4  | Reached XP level 19. HP: 116/116 MP: 28/28
 50057 | Snake:4  | Got a serpentine rune of Zot
 50154 | Snake:4  | Bought a potion of heal wounds for 70 gold pieces
 50154 | Snake:4  | Bought a potion of might for 56 gold pieces
 50154 | Snake:4  | Bought 2 potions of cancellation for 224 gold pieces
 50154 | Snake:4  | Bought a potion of curing for 42 gold pieces
 50154 | Snake:4  | Bought a potion of might for 56 gold pieces
 50154 | Snake:4  | Bought a potion of resistance for 140 gold pieces
 50154 | Snake:4  | Bought a potion of invisibility for 112 gold pieces
 50154 | Snake:4  | Bought a potion of ambrosia for 112 gold pieces
 50154 | Snake:4  | Bought a potion of haste for 140 gold pieces
 50813 | Swamp:4  | Noticed a bone dragon
 50978 | Swamp:4  | Got a decaying rune of Zot
 51156 | D:10     | Killed Urug
 51485 | Lair:6   | Acquired a +0 buckler of cold resistance
 52515 | D:14     | Identified the +1 robe of the Fiddle {Regen+ Str+5}
 52923 | D:15     | Entered Level 15 of the Dungeon
 53259 | D:15     | Noticed Roxanne
 53494 | D:15     | Found a staircase to the Depths.
 54379 | D:13     | Found a gate to the Vaults.
 54458 | Vaults:1 | Entered Level 1 of the Vaults
 54560 | Vaults:1 | Identified the +1 hand crossbow "Cialoefa" {vorpal, rElec}
 54596 | Vaults:1 | Reached skill level 18 in Hexes
 54857 | Vaults:1 | Identified the +11 dagger "Omelette" {spect, rPois rN+}
 55176 | Vaults:1 | Reached XP level 20. HP: 78/122 MP: 13/29
 55389 | Vaults:1 | Found Kocreal's General Store.
 55393 | Vaults:1 | Bought a scroll of identify for 34 gold pieces
 56765 | Vaults:2 | Noticed Mara
 56771 | Vaults:2 | Noticed grimtooth's illusion
 56791 | Vaults:2 | Killed Mara
 56795 | Vaults:2 | - and he carries a vulnerability... nice
 57583 | Vaults:2 | Found Raha's Armour Boutique.
 57585 | Vaults:2 | You fall into a shaft and drop 1 floor!
 58697 | Vaults:3 | Reached skill level 15 in Evocations
 59016 | Vaults:3 | Reached XP level 21. HP: 127/127 MP: 30/30
 59039 | Vaults:3 | Learned a level 5 spell: Metabolic Englaciation
 59041 | Vaults:3 | - guess i should go into ice
 59045 | Vaults:3 | - guess im going into ice
 59045 | Vaults:3 | - whats it take for discord to show up
 59074 | Vaults:3 | Found a huge runed gate.
 59074 | Vaults:3 | Found a huge runed gate.
 59074 | Vaults:3 | Found a huge runed gate.
 59074 | Vaults:3 | Found a huge runed gate.
 59074 | Vaults:3 | Found a huge runed gate.
 59074 | Vaults:3 | Found a huge runed gate.
 59074 | Vaults:3 | Found a huge runed gate.
 59075 | Vaults:3 | Found a huge runed gate.
 59076 | Vaults:3 | Found a huge runed gate.
 59077 | Vaults:3 | Found a huge runed gate.
 59082 | Vaults:3 | Found a huge runed gate.
 59082 | Vaults:3 | Found a huge runed gate.
 59082 | Vaults:3 | Found a huge runed gate.
 59083 | Vaults:3 | Found a huge runed gate.
 59084 | Vaults:3 | Found a huge runed gate.
 59085 | Vaults:3 | Found a huge runed gate.
 59086 | Vaults:3 | Found a huge runed gate.
 59087 | Vaults:3 | Found a huge runed gate.
 59088 | Vaults:3 | Found a huge runed gate.
 59093 | Vaults:3 | Found a huge runed gate.
 59093 | Vaults:3 | Found a huge runed gate.
 59093 | Vaults:3 | Found a huge runed gate.
 59094 | Vaults:3 | Found a huge runed gate.
 59095 | Vaults:3 | Found a huge runed gate.
 59096 | Vaults:3 | Found a huge runed gate.
 59097 | Vaults:3 | Found a huge runed gate.
 59098 | Vaults:3 | Found a huge runed gate.
 59099 | Vaults:3 | Found a huge runed gate.
 59104 | Vaults:3 | Found a huge runed gate.
 59104 | Vaults:3 | Found a huge runed gate.
 59104 | Vaults:3 | Found a huge runed gate.
 59105 | Vaults:3 | Found a huge runed gate.
 59106 | Vaults:3 | Found a huge runed gate.
 59107 | Vaults:3 | Found a huge runed gate.
 59108 | Vaults:3 | Found a huge runed gate.
 59109 | Vaults:3 | Found a huge runed gate.
 59142 | Vaults:3 | - ooh the doorbox
 59968 | Vaults:3 | Found a staircase to the Crypt.
 61285 | Vaults:4 | - that went a little more poorly than it should
 61823 | Elf:1    | Entered Level 1 of the Elven Halls
 62703 | Elf:1    | Reached XP level 22. HP: 135/135 MP: 31/31
 62819 | Elf:1    | Found Uffoghun's Armour Boutique.
 63182 | Elf:2    | Found a large runed translucent door.
 63182 | Elf:2    | Found a large runed translucent door.
 63232 | Elf:2    | Found a large runed translucent door.
 63232 | Elf:2    | Found a large runed translucent door.
 63801 | Elf:2    | Found Jufiunyl's Book Boutique.
 63806 | Elf:2    | - aww yeah
 63806 | Elf:2    | Bought a book of Hexes for 540 gold pieces
 63811 | Elf:2    | Learned a level 4 spell: Cause Fear
 63820 | Elf:2    | Learned a level 8 spell: Discord
 63884 | Elf:2    | Found Leeblehos's Jewellery Shoppe.
 63884 | Elf:2    | Found Cynamp's Jewellery Shoppe.
 63885 | Elf:2    | Found Hedis's Book Boutique.
 64473 | Elf:3    | Entered Level 3 of the Elven Halls
 65496 | Elf:3    | Paralysed by an air elemental for 1 turns
 65615 | Elf:3    | Reached skill level 19 in Hexes
 65945 | Elf:3    | Identified the +1 halberd of the Scorpion {vorpal, rC+
                  | rCorr}
 65966 | Elf:3    | Reached XP level 23. HP: 72/144 MP: 4/32
 66135 | Elf:3    | Identified the +9 morningstar of the Hidden Vale {holy, rC+
                  | Int+2}
 66135 | Elf:3    | Identified the ring of Valu {AC+4 Dex+2}
 66164 | Elf:3    | Reached skill level 15 in Fighting
 66491 | Elf:3    | Identified the +7 spear "Demonbane" {speed, Int+3}
 66493 | Elf:3    | Identified the ring of Suyreil {rN+ Str-3 Int+4 Dex+6}
 66502 | Elf:3    | Identified the +2 long sword of Xyuxas {drain, Dex+2}
 66514 | Elf:3    | Got Sif Muna's Guide on Feathers
 66594 | Elf:3    | - i suppose i can quit bullets
 67671 | D:10     | Acquired a book of Spatial Translocations
 67676 | D:10     | Learned a level 2 spell: Blink
 67871 | Vaults:3 | Noticed grimtooth's ghost (veteran DjFE)
 67871 | Vaults:3 | Noticed Silenth's ghost (adept DrFE)
 67871 | Vaults:3 | Noticed Monur's ghost (adept GrHu)
 67871 | Vaults:3 | Noticed Monur's ghost (adept GrHu)
 67872 | Vaults:3 | - oh its ghosts
 67872 | Vaults:3 | Noticed sahdkjhfkaj's ghost (adept MfBe)
 67872 | Vaults:3 | Noticed Lianjan's ghost (adept GnWr)
 67872 | Vaults:3 | Noticed Yjimoseergh's ghost (adept SpFE)
 67872 | Vaults:3 | Killed Monur's ghost
 67877 | Vaults:3 | - how many dj-fe-makh did i have... i thought i took care
                  | of you
 68145 | Vaults:3 | Killed sahdkjhfkaj's ghost
 68149 | Vaults:3 | - dull... i won though
 68369 | Vaults:3 | Killed Yjimoseergh's ghost
 68400 | Vaults:3 | - dont be hasty is the lesson
 68614 | Vaults:3 | - enemies can be tiresome yet still dangerous
 68620 | Vaults:3 | - boy this has every chance to kill me... like i do in
                  | reverse
 68620 | Vaults:3 | - kinda sucks feeling like its pure diceroll
 68620 | Vaults:3 | Killed Silenth's ghost
 68621 | Vaults:3 | - yay i gambled correct
 68756 | Vaults:3 | - well tremorstone is nice but prob not worht it
 69173 | Vaults:5 | Entered Level 5 of the Vaults
 69179 | Vaults:5 | Reached skill level 20 in Hexes
 69261 | Vaults:5 | Noticed a golden dragon
 69268 | Vaults:5 | - this is where i need to know how to use wujian
 69268 | Vaults:5 | Killed a golden dragon
 69547 | Vaults:5 | - ok dont autoexplore V$
 69570 | Vaults:5 | - oh shit
 69570 | Vaults:5 | HP: 3/144 [titan/the air (22)]
 69606 | Vaults:5 | - yeah these wargoyles are a problem
 69616 | Vaults:5 | - incroyable
 69631 | Vaults:5 | - and it was going well
 69696 | Vaults:5 | Noticed an ancient lich
 69715 | Vaults:5 | Noticed a golden dragon
 69995 | Vaults:5 | Reached skill level 10 in Shields
 70137 | Vaults:5 | Noticed a golden dragon
 70167 | Vaults:5 | Killed a golden dragon
 70403 | Vaults:5 | Learned a level 6 spell: Dispersal
 70562 | Vaults:5 | Noticed an ancient lich
 70651 | Vaults:5 | Reached XP level 24. HP: 150/150 MP: 36/36
 70652 | Vaults:5 | Noticed a dread lich
 70655 | Vaults:5 | Killed a dread lich
 70668 | Vaults:5 | Noticed a golden dragon
 70698 | Vaults:5 | Killed a golden dragon
 71003 | Vaults:5 | Identified the +1 dagger "Cibotzis" {vamp, rPois Int+2
                  | Dex+4}
 71004 | Vaults:5 | Identified the +4 lajatang "Trog's Righteous Fury"
                  | {protect, rN+ Str+4}
 71498 | Vaults:5 | Identified the +1 ring mail of Hohiu {Drain Dex+7}
 71506 | Vaults:5 | Reached XP level 25. HP: 155/155 MP: 36/36
 71846 | Vaults:5 | Identified the +0 ring mail of Crawling {+Blink rPois rCorr
                  | Dex-3}
 72089 | Vaults:5 | Killed an ancient lich
 72684 | Vaults:5 | Got a silver rune of Zot
 72716 | Vaults:5 | Killed an ancient lich
 73216 | Depths:1 | Entered Level 1 of the Depths
 73629 | Depths:1 | Found a snail-covered altar of Cheibriados.
 74183 | Depths:1 | Reached skill level 15 in Short Blades
 74674 | Depths:1 | Reached XP level 26. HP: 163/163 MP: 36/36
 74926 | Depths:1 | Found a gateway to Hell.
 75900 | Depths:2 | Found a one-way gate leading to the halls of Pandemonium.
 76083 | Depths:2 | Found a runed translucent gate.
 76084 | Depths:2 | Found a runed translucent gate.
 76085 | Depths:2 | Found a runed translucent gate.
 78613 | Depths:3 | Identified the +7 plate armour "Ficrox" {rN++ Int+2}
 78934 | Depths:3 | Noticed a dread lich
 78954 | Depths:3 | Found a runed translucent door.
 78994 | Depths:3 | Identified the amulet "Voteag" {RegenMP rN++ Dex+2}
 79095 | Depths:3 | Found a runed translucent door.
 79101 | Depths:3 | Noticed a juggernaut
 79101 | Depths:3 | Noticed Pikuto's ghost (adept MiBe)
 79106 | Depths:3 | Noticed a shard shrike
 79106 | Depths:3 | a juggernaut changed into a shard shrike
 79546 | Depths:4 | Found Otuquzo's Assorted Antiques.
 79868 | Depths:4 | Found Utistrixt's Armour Emporium.
 79995 | Depths:4 | Found a gateway to a ziggurat.
 80055 | Depths:4 | Identified the +1 hand axe "Tuorus" {drain, rC+}
 80229 | Depths:4 | Found an iron altar of Okawaru.
 80400 | Depths:4 | Noticed Louise
 80401 | Depths:4 | Found a one-way gate to the infinite horrors of the Abyss.
 80403 | Depths:4 | Killed Louise
 80470 | Depths:4 | Noticed Frederick
 80473 | Depths:4 | Killed Frederick
 80474 | Depths:4 | Reached XP level 27. HP: 173/173 MP: 36/36
 80639 | Depths:4 | Reached skill level 10 in Armour
 80661 | Depths:4 | Identified the +1 trident of Cusemaiti {vorpal, Will++
                  | Int+3}
 80739 | Depths:4 | Identified the +2 leather armour of Sloth {Regen+ Dex+2}
 80815 | Depths:4 | Identified the +10 fustibalus "Giantbane" {speed, Str+4}
 81109 | Depths:5 | Entered Level 5 of the Depths
 81114 | Depths:5 | Reached skill level 21 in Hexes
 81303 | Depths:5 | Found an ornate altar of the Wu Jian Council.
 81348 | Depths:5 | Noticed Saint Roka
 81369 | Depths:5 | Killed Saint Roka
 81559 | Depths:5 | Reached skill level 10 in Translocations
 81942 | Depths:5 | Found a portal to a secret trove of treasure.
 82222 | Depths:5 | Found a gate to the Realm of Zot.
 82821 | Elf:2    | Bought the macabre finger necklace {rN+} for 560 gold
                  | pieces
 82821 | Elf:2    | Found the macabre finger necklace {rN+}
 83173 | D:4      | Killed cbfl8's ghost
 83524 | D:15     | Killed Roxanne
 83679 | Vaults:1 | Bought a potion of heal wounds for 85 gold pieces
 83679 | Vaults:1 | Bought a potion of curing for 51 gold pieces
 83679 | Vaults:1 | Bought a potion of curing for 51 gold pieces
 83679 | Vaults:1 | Bought a scroll of fog for 34 gold pieces
 84022 | Vaults:3 | Killed Monur's ghost
 84341 | Slime:1  | Entered Level 1 of the Pits of Slime
 85254 | Slime:2  | Reached skill level 10 in Ice Magic
 85775 | Slime:4  | Found a viscous altar of Jiyva.
 85906 | Slime:5  | Entered Level 5 of the Pits of Slime
 86003 | Slime:5  | Found a viscous altar of Jiyva.
 86003 | Slime:5  | Noticed the Royal Jelly
 86011 | Slime:5  | Killed the Royal Jelly
 86137 | Slime:5  | Gained mutation: Your magical capacity is low. (-10% MP) [a
                  | shining eye]
 86283 | Slime:5  | Got a slimy rune of Zot
 87658 | Depths:2 | Found a runed translucent gate.
 87658 | Depths:2 | Found a runed translucent gate.
 87659 | Depths:2 | Found a runed translucent gate.
 87678 | Depths:2 | Noticed YungCoward's ghost (veteran MiBe)
 87839 | Depths:2 | Killed YungCoward's ghost
 87946 | Depths:2 | Identified the +0 pair of gloves of Juqog {Harm rF+ SInv}
 88125 | Depths:3 | Killed a dread lich
 88302 | Depths:3 | Killed Pikuto's ghost
 88472 | Zot:1    | Entered Level 1 of the Realm of Zot
 88959 | Zot:2    | Identified the +2 ring mail of Optimism {+Inv rC+}
 89055 | Zot:2    | Slain by a white very ugly thing

Illustrated notes .....########################## .............##...........##... ..............'............'... .............##...........##... ###############...........##### ##########........##...##### .....[.....######.##>..##... ....<......#!}=:#.##...##... ...........#=$"!#.##...##... ...........#.}[=#.##...##... ...........@.=:|#.##...##... ...........#†!?|#.##...##... ####......#[!:$#.###'###... ##......#:![|#.###.##.... ........######.##........ ...............##........ .......#.......##........ .......##......##........ .......##......##....>... ######################## Turn 38199 on Snake:3: - nice little trove .....########################### .....########################### .............##...........##.... ..............'............'.... .............##...........##.... ###############...........###### ##########........##...###### .....[.....######.##>..##.... ....<......#!}=:#.##...##.... ...........#§§"!#.##...##.... ...........#@§§=#.##...##.... ...........'§.:|#.##...##.... ...........#†!§|#.##...##.... ####......#[!:$#.###'###.... ##......#:![|#.###.##..... ........######.##......... ...............##......... .......#.......##......... .......##......##......... .......##......##....>.... ######################### Turn 38200 on Snake:3: - oh .............##...........##..... ..............'............'..... .............##...........##..... ###############...........####### ##########........##...####### .....[.....######.##>..##..... ....<......#....#.##...##..... ...........#....#.##...##..... ...........#....#.##...##..... ...........'....#.##...##....# ...........#§@.§#.##...##....# ####......#.§..#.###'###....# ##......#....#.###.##.....# ........######.##.........# ...............##.........# .......#.......##.........# .......##......##.........# .......##......##....>....# ########################## Turn 38215 on Snake:3: - very funny ..°# ♣♣♣ #.○○# ♣♣≈♣♣ #...## ♣♣..≈♣♣♣ #○○..# ♣≈≈..≈.♣♣♣♣ #°...## ♣♣≈§.§≈.≈..≈ ###.@.# ♣♣≈≈≈≈≈≈≈≈≈≈≈ ##≈≈..# ♣≈≈≈≈≈≈≈≈≈≈≈≈ ###≈≈≈≈≈###≈.≈.♣.≈≈≈≈.÷ ##≈≈≈≈≈≈≈≈≈♣.≈≈≈♣..≈≈.≈♣ #≈≈≈≈≈..≈≈≈≈.≈..♣..≈..≈♣ ♣≈≈≈......≈≈≈..≈≈≈....♣♣ ♣♣♣♣♣♣♣♣.....≈^≈..♣...♣♣ ♣♣♣.......♣♣♣≈≈♣♣ ♣≈...≈≈....♣≈...♣ ♣≈..≈.≈≈≈≈.♣♣≈..♣ ♣♣≈≈♣♣♣≈....♣♣.≈≈. Turn 47718 on Swamp:4: - what do i do about miasma #.# # ###.# # #...#.# ### # ###...#.## ))# ..#)#.#....... [.# ..#.#.#...##### ..# ......††....... ..# .....[...@(.... ..# ............... #'#########'#######'#' #.............# ... #.............# .. #..####.####..# #..#.......#..# #..#.......#..# #..#...#...#..# '.....###.....# #..#...#.(.#..# Turn 56795 on Vaults:2: - and he carries a vulnerability... nice ..........##########'##...####### ..........##.#.#.#.#.##...# ..........#...........#...# ########..#...........#...# #......#..#...........#...# #......#..##.#.#.#.#.##...# #......#..########'######## #......#......#........ '......#......#........ #......#......#..###### ########......#.@# ...........[..#..# #######.......#..# ......#.......#..# ......#.......#.[# ......#....... # ......# . .....[#.......# #...... ......#.......#############...... ####'##.......................... ................................. Turn 59041 on Vaults:3: - guess i should go into ice #......#..#...........#...# #......#..##.#.#.#.#.##...# #......#..########'######## #......#......#........ '......#......#........ #......#......#..###### ########......#..# ...........[..#..# #######.......#..# ......#.......#..# ......#.......#.@# ......#.......#..# # ......# #... . .....[#.......#..!. #...... ......#.......#############...... ####'##.......................... ................................. ................................. #######..########+########..##### #..# #..# #..# #..# Turn 59045 on Vaults:3: - guess im going into ice ...#..+ +..#.....# ...#..+ +..#.....# ####..+ +..#.....# ...#..+ +..#.....# ...#..+ +..#.....#.. #..'..+ +..#.....#.. #..#..+ +..#.....'.. #..#..+ +..#.....## #..#..++++++++++..#.....# #..#..............#.....# #..#............@.#.....# #..############'###.....# ...#....................# ...#....................######### ####............................. ................................. ................................. ................................. ###..######'##########..######### #..# #..... #..# .... #..# #..... #..# .### Turn 59142 on Vaults:3: - ooh the doorbox #...# #### #### #...# #..####... #+++# #..'.[)... #.))# #..#..##'# ########## ##...## ##'####..# .......#.# #.)))@# #..#.#..# .≈≈≈≈≈...###++###########..#'##'# .≈≈≈≈≈≈..'.............##'##..#.. .≈≈≈≈≈≈).#...........(.'...'..'.< ≈≈≈⌠≈≈≈).#(............#...####.. .≈≈≈≈≈≈).#.............##### ### .≈≈≈≈≈≈..#.............# .≈≈≈≈≈).)#.............# .......#.#........>....# ##########..)..........# #...[.........# Turn 61285 on Vaults:4: - that went a little more poorly than it should .........).........# .#######...........# .# ##.#######..# .# #.# #.## .# ##'## #.# .# ##...## #.## .# #.....#####..## .# #..........#...# .# ..........#.#.. .## #####....#...#.# ..# ##..#..@..# .## ##..#...#.# .# #...#.#.. .# #....#.... .# .. . . .. .# .# .# .# .#### ....+ Turn 63806 on Elf:2: - aww yeah ..)..###'###########'##'##....## .[+####......#.[...........##'# ...####.........)....[.....##.# ##...##........[.)[........##.# ......'....)......[[)......+..# ....#.###.#.#######[########### .<.#### #####)..)[#[......#### ..## ###.||.}[.)#..[.......### ..# ##.:.))[..[(#....#.......## ..# #.[}|()####=##..###...)...# ..# ##)..(###..@..#...####.....# .[####|.|)##.....⌠.#.....####.... #...##).)##........##.....####... ######.)[# ..####...#.....).###.. #).)##..# ##..##.......#... #...#...# #...###......... #..)#...# #.....####...... #[(.#...## ##........#####.. #[..'.⌠..####...)..... #.. # #######................. #.. ###.....####........####.. #.) Turn 66594 on Elf:3: - i suppose i can quit bullets .#.##...#.......)......#.....#### ....#...#..............#.....#... ....#...#..''''''''''..#.....#... ....#...#..' '..#.....#... .#.##...#..' '..#.....#... '########..' '..#.....#..> ........#..' +WW '..#.....#... ........#..' +CW '..#.....#... ######..'..' +WX '..#.....#... #..#..' +'++ '..#.....'... #..#..' +++@+++'..#.....#### #..#..''''''''''..#.....# #..#..............#.....# #..#..............#.....# ######..############'###.....# ........#....................# ........#....................#### #########........................ ................................. ................................. .....................?).......... Turn 67872 on Vaults:3: - oh its ghosts ###'##...################.....### #.#.##...#.......)......#.....### .....#...#..............#.....#.. .....#...#..''''''''''..#.....#.. .....#...#..' '..#.....#.. #.#.##...#..' '..#.....#.. #'########..'++§WW§++'..#.....#.. .........#..'+'CCWp'+'..#.....#.. .........#..'+pW5WYp+'..#.....#.. #######..'..' +WXL§+ '..#.....#.. # #..#..' +@p+ '..#.....'.. # #..#..' +++'+++'..#.....### # #..#..''''''''''..#.....# # #..#..............#.....# # #..#..............#.....# #######..############'###.....# .........#....................# !........#....................### ##########....................... ................................. ................................. Turn 67877 on Vaults:3: - how many dj-fe-makh did i have... i thought i took care of you ................................. ....................W............ ....................W.......?)... ######'########..######+######### #...# #..# #.......# #...# #..# #.......# #...# #..# #.......# #####...######..# #....<..# #....#.#....##..# #.>.....# #...........##..# #.......# #....#.#....##.@# ######### #####...######..####### #...# #..##....#### #...# #..##.##.#..# #...# #..##.##.'..# ##### #..##....#+### #..###+##....# #..# #..#.##.# #..# #..'.##.# #..# ####....# ###############..#######'######## Turn 68149 on Vaults:3: - dull... i won though ################################# ................................. ................................. ###'##...################.....### #.#.##...#......@)......#.....### .....#...#..............#.....#.. .....#...#..'W''''''''..#.....#.. .....#...#..''''''''''..#.....#.. #.#.##...#..''''''''''..#.....#.. #'########..'''[}.('''..#.....#.. .........#..''')".)'''..#.....#.. .........#..'''....)''..#.....#.. #######..'..'+')..)'W'..#.....#.. # #..#..''''''''''..#.....'.. # #..#..''''''''''..#.....### Turn 68400 on Vaults:3: - dont be hasty is the lesson # #..#..''''''''''..#.....### # #..#..''''''''''..#.....# # #..#..............#.....# # #..#..........§...#.....# #######..############'###.....# .........#..........).........# !........#.........)..........### ##########....................... ................................. ................................. ................@.....?)......... '########..######W##########..### ...# #..# #.......# #..#.. ...# #..# #.......# #..#.# ...# #..# #.......# #..#.. ...######..# #....<..# #..#.. #.#....##..# #.>.....# #..#.[ .......##..# #.......# #..#.. #.#....##..# ######### #..#.. ...######..####### #....# ...# #..##....#### #..... Turn 68614 on Vaults:3: - enemies can be tiresome yet still dangerous .#..# #..#..''''''''''..#.... .#..# #..#..''''''''''..#.... .#..# #..#..............#.... .#.[# #..#..........§...#.... .#..#######..############'###.... .#...........#..........)........ .#..!........#.........)......... .#############................... ................................. ................................. ................@...W.....?)..... ####'########..######'##########. #...# #..# #.......# #. #...# #..# #.......# #. #...# #..# #.......# #. ####...######..# #....<..# #. ....#.#....##..# #.>.....# #. ...........##..# #.......# #. ....#.#....##..# ######### #. ####...######..####### #. #...# #..##....#### #. Turn 68620 on Vaults:3: - boy this has every chance to kill me... like i do in reverse .#..# #..#..''''''''''..#.... .#..# #..#..''''''''''..#.... .#..# #..#..............#.... .#.[# #..#..........§...#.... .#..#######..############'###.... .#...........#..........)........ .#..!........#.........)......... .#############................... ................................. ................................. ................@.........?)..... ####'########..######'##########. #...# #..# #.......# #. #...# #..# #.......# #. #...# #..# #.......# #. ####...######..# #....<..# #. ....#.#....##..# #.>.....# #. ...........##..# #.......# #. ....#.#....##..# ######### #. ####...######..####### #. #...# #..##....#### #. Turn 68621 on Vaults:3: - yay i gambled correct

.................................
#'##...################.....#####
#.##...#.......)......#.....#####
...#...#..............#.....#....
...#...#..''''''''''..#.....#....
...#...#..''''''''''..#.....#....
#.##...#..''''''''''..#.....#....
########..'''[..('''..#.....#..>.
.......#..''')".)'''..#.....#....
.......#..'''....)''..#.....#....
#####..'..''')..@'''..#.....#....
#..#..''''''''''..#.....'....
#..#..''''''''''..#.....#####
#..#..''''''''''..#.....#
#..#..............#.....#
#..#..............#.....#
#####..############'###.....#
.......#..........).........#
.......#.........)..........#####
########.........................
.................................


Turn 68756 on Vaults:3: - well tremorstone is nice but prob not worht it #†.#
#..# #..# #..# #..# #..# #..# #..# #..# #..# #.@# #pD# #..# . #p.# .. #..#...
#...... #....## #...... #...... ####### Turn 69268 on Vaults:5: - this is where
i need to know how to use wujian ## ##.. .####...# ........# #.......#
###.....## ...# ..##.....# ....#### ...#.....## .C.....# ...##.....###.C....#
... #.......####@..# ... #..............# ... #..............# ...
................. ### #############... ... Turn 69547 on Vaults:5: - ok dont
autoexplore V$ ..#.....### ##.. ..#.......####...# ..#..............#
..#...####.......# ..#......###.....## ...# ..#........##.....# ....####
.)####......#.....## .C.....# ).#..##.....##☼☼§§☼###.C....# ..#...#.....
#§§☼9§☼§####.D.# ).#...#..... #§§§D☼☼§§○☼☼...# ..#......... #§☼@9C§§☼§§§...#
............#.§☼§p§§☼§☼§§..... ....#######################... ...... ... .......
####### Turn 69570 on Vaults:5: - oh shit #.)#...# #))#...# #).#...## #..#....#
#..#....## #..#.§§☼§### ##.. #..#§§§§§☼§####...# #§☼#☼§§☼9☼§☼☼§§☼..#
#§☼#§§§####§§☼☼§☼.# #☼§#§§☼☼§§###☼§☼§☼# #§@#☼☼§§§☼§.##☼§☼§☼ #§9####J☼§☼..#9☼☼☼☼
#§☼#§☼##☼☼☼..##§§§☼ #§☼#☼☼☼#9§§.. #§p☼§ #☼§#§§☼#☼§☼.. #§☼§C #§☼#§☼§§§☼§..##☼p☼§
#§§§§☼§§☼§§..#§§§☼○ #§§§§############## #§☼☼§§. #....... ######## Turn 69606 on
Vaults:5: - yeah these wargoyles are a problem #☼§#§§☼☼§§###☼§☼§☼## ...#
#§§#☼☼§§§☼§.##☼§☼§☼# ....#### #☼☼####J☼§☼..#9☼☼☼☼## .C.....#
#§○#§☼##☼☼☼..##§§§☼☼###.C....# #§☼#☼☼☼#9§§.. #§p☼§§☼§####.D.# #☼§#§§☼#☼§☼..
#§☼§C☼○§§○☼☼...# #§☼#§☼§§§☼§..##☼p☼§§§§☼§§§...# #§§§§☼§§☼§§..#§§§☼○☼§☼§☼§§....
#§§§§#######################.. #§☼☼§§. ......... .. #....... ....@.... ########
######### Turn 69616 on Vaults:5: - incroyable §§☼☼§☼.# ##☼§☼§☼## ...# .##☼§☼§☼#
....#### ..#9☼☼☼☼## .C.....# ..##§§§☼☼###.C....# .. #§p☼§§☼§####.D.# ..
#§☼§C☼○§§○☼☼...#.. ..##☼p☼§§§§☼§§§...#.. ..#§§§☼○☼§☼§☼§§..D☼..
#################C§.. .§☼☼§§☼§§§§§§§§☼@☼§.. .§§☼§§§§☼§☼§§☼☼§§§§..
##################### Turn 69631 on Vaults:5: - and it was going well

Levels and vault maps discovered:
D:1:      eino_arrival_cavern_c, layout_basic, serial_corexii_hall,
          corexii_hall_statues_x, corexii_hall_statues_t,
          ebering_ecumenical_altar_webs, st_stairs_11
D:2:      layout_rooms, basic_altar
D:3:      layout_basic, mainiacjoe_overflow_brackets,
          grunt_temple_overflow_gold_and_silver, st_stairs_3
D:4:      corexii_shantytown, layout_loops_ring, lemuel_crystal_altar,
          gammafunk_ghost_nasty_kobolds
D:5:      layout_basic, minmay_liquid_box, uniq_pikel
D:6:      layout_basic, elyvilon_altar_4, minmay_temple_entry_hall
D:7:      layout_loops_ring, st_stairs_13, kennysheep_generic_room_9,
          uniq_duvessa, uniq_joseph
D:8:      statuecave_lemuel, layout_rooms, serial_shops,
          nicolae_shop_waterfront, chequers_serial_rivers_micro_a
D:9:      minmay_goldmine, layout_cave_pools, mainiacjoe_overflow_alcove_3,
          minmay_orc_entry_temple_small, serial_shops, kennysheep_little_box,
          serial_column_ruins, column_ruins_grid_1, column_ruins_columns_corner,
          column_ruins_columns_straight, column_ruins_open_small, hex_large,
          uniq_prince_ribbit1
D:10:     layout_irregular_city, david_lair_shrubbed, enter_bailey_3,
          uniq_snorg, uniq_nergalle, uniq_urug
D:11:     layout_big_octagon
D:12:     layout_stronghold
D:13:     layout_basic, lightli_vaults_fourway_checkpoint
D:14:     layout_loops_cross, hangedman_decor_push
D:15:     grunt_enter_depths_hoard, layout_stronghold, serial_park_square3
          [serial_park_minivault_5x5_7], uniq_roxanne
Temple:   oiseaux_autumnal_temple
Lair:1:   layout_cave_pods, lemuel_fruit_tree
Lair:2:   layout_chaotic_city, guppyfry_snake_entry_garden, serial_forest,
          infiniplex_forest_3_way, infiniplex_forest_join,
          infiniplex_forest_clump_long, infiniplex_forest_straight_4,
          infiniplex_forest_lined_3, infiniplex_forest_end_3,
          infiniplex_forest_3_way, infiniplex_forest_diagonal,
          infiniplex_forest_straight_3, roderic_carrion_pond
Lair:3:   nzn_winding_woodlands_cross [nzn_winding_woodlands_5x15_lazy_stream,
          nzn_winding_woodlands_5x15_eye, nzn_winding_woodlands_5x15_parted,
          nzn_winding_woodlands_5x15_longhouse,
          nzn_winding_woodlands_15x15_five_gardens], layout_loops_ring,
          minmay_swamp_entry_swarm
Lair:4:   layout_cellular_growth, nicolae_volcano_entry_hallway,
          serial_bayou_pond_e, grunt_forest_stairs_clearing
Lair:5:   layout_gridlike, slime_altar_1, gauntlet_entry_generic, st_stairs_10,
          forest_entry_grove
Lair:6:   due_jungle_book, layout_regular_city, minivault_11, uniq_sonja
Swamp:1:  layout_basic_swamp, portal_ice_cave_entry_ice_simulacra,
          nicolae_swamp_well_well_well, swamp_pool2, uniq_nikola
Swamp:2:  layout_basic_swamp, hangedman_swamp_pad, swamp_pool5,
          hangedman_swamp_phenomena, uniq_donald
Swamp:3:  layout_basic_swamp, nicolae_swamp_stair_fork
Swamp:4:  swamp_pestilence, layout_basic_swamp, nicolae_swamp_alligator_family
Snake:1:  layout_onion_interference
Snake:2:  layout_misc_corridors
Snake:3:  layout_grid_maze, fake_guardian_serpent_vault
Snake:4:  grunt_snake_rune_serpentine_throne, layout_cave_town, serial_shops,
          nicolae_shop_trees
Slime:1:  layout_caves, cheibrodos_slime_lost_civilization_4
Slime:2:  layout_caves
Slime:3:  cheibrodos_slime_lost_civilization_1, layout_caves
Slime:4:  layout_caves, basic_altar
Slime:5
Orc:1:    layout_caves, nicolae_orc_damp_corner, uniq_harold, uniq_josephine
Orc:2:    grunt_orc_tribal_feast, layout_diamond_mine,
          nicolae_orc_flooded_monolith, kennysheep_orc_sif_temple
Elf:1:    eino_elf_arrival_customs, layout_onion_city, serial_shops, shop,
          hangedman_elf_disciples
Elf:2:    elven_hall_of_blades_hangedman_alternative
          [nicolae_blade_entry_splitting_headache], layout_gridlike,
          serial_shops, nicolae_diamond_shop, minmay_shop_grove,
          grunt_megastairs_2
Elf:3:    minmay_elf_hall_curves, layout_gridlike, hangedman_decor_cross_pass
Vaults:1: nicolae_vaults_diagonal_hallway_8, ontoclasm_vaults_ring_square,
          nicolae_vaults_rhombus_6, vaults_dpeg_ring, vaults_room_grid,
          vaults_room_guarded_vault, nicolae_vaults_little_ls,
          layout_vaults_big_room, serial_shops, nicolae_shop_crystal
Vaults:2: v_alt_pattern_4, nicolae_vaults_network_quincunx
          [nicolae_vaults_network_quincunx_subvault,
          nicolae_vaults_network_quincunx_subvault,
          nicolae_vaults_network_quincunx_subvault,
          nicolae_vaults_network_quincunx_subvault,
          nicolae_vaults_network_quincunx_subvault], v_misc_11,
          ontoclasm_vaults_pinch, hangedman_vaults_nails, v_misc_1,
          vaults_room_boxed, nicolae_vaults_know_your_exits, v_misc_25,
          ontoclasm_vaults_chip, vaults_mumra_chevron, vaults_mumra_lcd,
          hangedman_vaults_impose, hangedman_vaults_corner_blocks,
          nicolae_vaults_little_squares_6, layout_vaults_maze, serial_shops,
          shop, uniq_mara
Vaults:3: gammafunk_vaults_ghost_door_vault, v_misc_18, v_misc_25, v_misc_1,
          v_misc_3, nicolae_vaults_angled_halls, vaults_room_hallway,
          nicolae_vaults_little_squares_4, layout_vaults_quadrants,
          minmay_crypt_entry_nasty_monster
Vaults:4: vaults_room_large_hall, vaults_dpeg_hooks, ontoclasm_vaults_ligature,
          ontoclasm_vaults_idyll, nicolae_vaults_rhombus_6, grunt_vaults_focal,
          v_misc_19, nicolae_vaults_little_squares_1,
          nicolae_vaults_yaktaur_gun_rack, nicolae_vaults_border_crossing,
          layout_vaults_ring
Vaults:5
Depths:1: layout_honeycomb, cheibriados_altar_1, hellmouth_3,
          kennysheep_generic_room_2
Depths:2: minmay_tri_box, layout_gridlike,
          ploomutoo_gammafunk_ghost_potion_laboratory, hellmouth_1,
          hangedman_abyss_or_decor_jellyfish_corner, grunt_pan_entry_in_and_out
Depths:3: minmay_the_grid_3x2 [minmay_the_grid_outer_circle,
          minmay_the_grid_box_x, minmay_the_grid_medium_cups,
          minmay_the_grid_pillar_ring, minmay_the_grid_tree,
          minmay_the_grid_prize_four_corners], layout_cave_shapes,
          muffindrake_ghost_dual_entry, grunt_hell_entry_dis_grunt,
          rand_demon_pan_entry_9
Depths:4: evilmike_iron_armoury, layout_gridlike, enter_ziggurat_d,
          nicolae_abyss_entry_one_way_or_another, pf_hell_entry_tar_spiral,
          serial_shops, shop, nicolae_shop_stone, serial_bayou_shore_a,
          minmay_staircase_windowed_large, serial_bayou_shore_b, uniq_frederick
Depths:5: evilmike_zot_entry_hall, layout_long_grid, nzn_wu_jian_contemplation,
          grunt_mini_vestibule, nicolae_trove_entry_crystal, uniq_saint_roka
Zot:1:    kennysheep_blocky_room, layout_gridlike
Zot:2:    layout_basic, ebering_ghost_gozag, hangedman_zot_spectrum

Skill      XL: |  1  2  3  4  5  6  7  8  9 10 11 12 13 14 15 16 17 18 19 20 21 22 23 24 25 26 27 |
---------------+----------------------------------------------------------------------------------+-----
Hexes          | 4 5 6 7 8 9 11 12 13 15 17 18 19 20 21 | 21.0
Short Blades   | 3 5 6 9 11 12 15 | 15.0
Fighting       | 3 6 9 11 12 13 14 15 16 18 | 18.0
Stealth        | 8 9 11 12 14 15 17 18 19 20 | 20.0
Spellcasting   | 5 6 9 |  9.0
Evocations     | 5 6 9 12 15 | 15.0
Ice Magic      | 4 6 8 9 12 | 12.0
Dodging        | 4 11 12 14 15 18 | 18.0
Armour         | 2 6 9 12 | 12.8
Throwing       | 4 6 9 |  9.0
Translocations | 6 9 14 | 14.8
Shields        | 5 9 10 11 12 | 12.8

Action                   |  1- 3 |  4- 6 |  7- 9 | 10-12 | 13-15 | 16-18 | 19-21 | 22-24 | 25-27 || total
-------------------------+-------+-------+-------+-------+-------+-------+-------+-------+-------++-------
Melee: Dagger            |    90 |   160 |   217 |   523 |   778 |   765 |   505 |    95 |   787 ||  3920
       Short sword       |       |       |       |       |       |     9 |       |       |       ||     9
       Rapier            |       |       |       |       |       |   387 |   766 |   938 |   418 ||  2509
       Quick blade       |       |       |       |       |       |       |       |       |  1129 ||  1129
 Fire: Hunting sling     |       |       |       |       |     2 |       |       |       |       ||     2
Throw: Stone             |     1 |       |       |       |       |       |       |       |       ||     1
       Dart              |       |     1 |     2 |    12 |     5 |       |       |       |       ||    20
       Boomerang         |       |       |       |       |       |    12 |     8 |    17 |    24 ||    61
 Cast: Corona            |    14 |    17 |       |     1 |       |       |     1 |     1 |       ||    34
       Ensorcelled Hiber |     5 |    28 |    65 |   111 |   178 |   153 |    47 |     2 |       ||   589
       Confusing Touch   |       |     3 |    15 |    27 |    50 |    92 |    43 |    13 |    85 ||   328
       Tukima's Dance    |       |       |    15 |    36 |    19 |    54 |    37 |    18 |    39 ||   218
       Invisibility      |       |       |       |       |       |     5 |     3 |     6 |     3 ||    17
       Apportation       |       |       |       |       |       |     1 |     2 |     2 |    10 ||    15
       Metabolic Englaci |       |       |       |       |       |       |    14 |    18 |     8 ||    40
       Discord           |       |       |       |       |       |       |       |     7 |    18 ||    25
       Blink             |       |       |       |       |       |       |       |     2 |    13 ||    15
       Cause Fear        |       |       |       |       |       |       |       |     1 |       ||     1
       Dispersal         |       |       |       |       |       |       |       |       |     6 ||     6
Invok: Lunge             |       |       |    18 |    64 |   122 |   125 |   112 |    95 |   159 ||   695
       Whirlwind         |       |       |     3 |    36 |    74 |    78 |   168 |   164 |   439 ||   962
       Serpent's Lash    |       |       |       |       |       |     1 |     1 |     4 |     1 ||     7
       Heavenly Storm    |       |       |       |       |       |       |     1 |     1 |       ||     2
 Abil: Wall Jump         |       |       |       |       |       |       |       |       |     6 ||     6
Evoke: Wand              |       |       |       |       |    15 |    31 |     9 |    25 |    20 ||   100
       Phantom mirror    |       |       |       |       |       |     1 |       |       |     1 ||     2
       Condenser vane    |       |       |       |       |       |       |     5 |     2 |     1 ||     8
       Box of beasts     |       |       |       |       |       |       |       |     1 |     1 ||     2
       Tin of tremorston |       |       |       |       |       |       |       |     1 |     1 ||     2
       Lightning rod     |       |       |       |       |       |       |       |       |     8 ||     8
  Use: Potion            |     1 |       |       |       |     1 |     3 |     8 |    22 |     1 ||    36
       Scroll            |       |       |    10 |     4 |     6 |     6 |     7 |    21 |    19 ||    73
 Stab: Sleeping          |    14 |    39 |    43 |    90 |   187 |   148 |   102 |    64 |   121 ||   808
       Confused          |       |     2 |    12 |    31 |    51 |    95 |    43 |    11 |    83 ||   328
       Distracted        |       |       |       |     4 |     2 |     8 |    13 |    12 |    20 ||    59
       Petrified         |       |       |       |       |     1 |       |       |       |       ||     1
       Invisible         |       |       |       |       |       |     5 |    14 |    16 |     9 ||    44
Armor: Robe              |    18 |    17 |       |       |       |       |       |       |       ||    35
       Leather armour    |       |       |    41 |   109 |   100 |   145 |   116 |    80 |   108 ||   699
       Ring mail         |       |       |       |       |    13 |       |       |       |       ||    13
       Fire dragon scale |       |       |       |       |       |       |       |       |    62 ||    62
Dodge: Dodged            |    75 |    84 |    76 |   205 |   261 |   638 |   537 |   296 |   609 ||  2781
Block: Other             |       |       |    39 |   144 |   138 |   217 |       |       |       ||   538
       Buckler           |       |       |       |       |       |    34 |   513 |   346 |   513 ||  1406
